 Dungeon Crawl Stone Soup version 0.29-a0-356-g7bc237e783 (webtiles) character file.

Game seed: 14625072264047322860

345 spaghetti the Charlatan (level 6, -5/47 HPs)
             Began as a Gnoll Artificer on Apr 26, 2022.
             Slain by a gnoll
             ... wielding a +0 halberd
              (10 damage)
             ... on level 3 of the Dungeon.
             The game lasted 00:03:40 (3111 turns).

spaghetti the Charlatan (Gnoll Artificer)           Turns: 3111, Time: 00:03:41

Health: -5/47      AC:  8    Str: 10 (13) XL:     6   Next: 58%
Magic:  9/9        EV: 12    Int: 12 (13) God:
Gold:   55         SH:  0    Dex: 10 (12) Spells: 8/9 levels left

rFire   . . .      SeeInvis .   w - +2 dagger (elec) {short}
rCold   . . .      Faith    .   (no shield)
rNeg    . . .      Spirit   .   b - +0 leather armour
rPois   .          Reflect  .   l - +0 helmet
rElec   .          Harm     .   (no cloak)
rCorr   .          Rampage  .   (no gloves)
Will    .....                   (no boots)
Stlth   ++........              y - amulet of the acrobat
HPRegen 0.15/turn               k - +4 ring of protection
MPRegen 0.11/turn               (no ring)

@: flying, hasted, unable to read, very quick
A: fangs 1, strong nose, distributed training, strong 1, wild magic 1, inability
to read while threatened
a: no special abilities


You were on level 3 of the Dungeon.
You visited 1 branch of the dungeon, and saw 3 of its levels.

You collected 55 gold pieces.


Innate Abilities, Weirdness & Mutations

You have very sharp teeth.
Your uncanny sense of smell can sniff out nearby items.
Your experience applies equally to all skills.
Your muscles are strong. (Str +2)
Your spells are a little harder to cast, but a little more powerful.
You sometimes lose the ability to read scrolls when taking damage.


   Skills:
 + Level 3.3 Fighting
 + Level 2.0 Short Blades
 + Level 2.0 Long Blades
 + Level 2.0 Axes
 + Level 2.0 Maces & Flails
 + Level 2.0 Polearms
 + Level 2.0 Staves
 + Level 2.0 Slings
 + Level 2.0 Bows
 + Level 2.0 Crossbows
 + Level 2.0 Throwing
 + Level 5.0 Armour
 + Level 3.3 Dodging
 + Level 3.1 Stealth
 + Level 2.0 Shields
 + Level 2.0 Unarmed Combat
 + Level 2.0 Spellcasting
 + Level 1.6 Conjurations
 + Level 1.6 Hexes
 + Level 1.6 Summonings
 + Level 1.6 Necromancy
 + Level 1.6 Translocations
 + Level 1.6 Transmutations
 + Level 1.6 Fire Magic
 + Level 1.6 Ice Magic
 + Level 1.6 Air Magic
 + Level 1.6 Earth Magic
 + Level 1.6 Poison Magic
 + Level 2.2 Invocations
 + Level 6.8 Evocations


You had 8 spell levels left.
You knew the following spells:

 Your Spells              Type           Power      Damage    Failure   Level
a - Foxfire               Conj/Fire      24%        2x1d5     26%         1

Your spell library contained the following spells:

 Spells                   Type           Power      Damage    Failure   Level
 Conjure Flame            Conj/Fire      6%         6-21      58%         3
 Inner Flame              Hex/Fire       6%         N/A       58%         3
 Flame Wave               Conj/Fire      6%         2d5       92%         4

Inventory:

Hand Weapons
 a - a +0 club {mace}
 w - a +2 dagger of electrocution (weapon) {short}
   (You found it on level 2 of the Dungeon)
Missiles
 h - 79 stones (quivered) {throwing}
 j - 4 boomerangs {throwing}
 q - 3 curare-tipped darts {=fthrowing}
Armour
 b - a +0 leather armour (worn)
 l - a +0 helmet (worn)
   (You found it on level 1 of the Dungeon)
Jewellery
 k - a +4 ring of protection (left hand)
   (You found it on level 1 of the Dungeon)
 m - a ring of flight
   (You found it on level 1 of the Dungeon)
 n - a ring of see invisible
   (You found it on level 1 of the Dungeon)
 t - a ring of ice
   (You found it on level 2 of the Dungeon)
 y - an amulet of the acrobat (around neck)
   (You found it on level 2 of the Dungeon)
Wands
 c - a wand of flame (4)
 d - a wand of charming (15)
 e - a wand of iceblast (8)
Scrolls
 g - 2 scrolls of identify {unknown}
 i - a scroll of immolation {unknown}
 u - a scroll of noise {unknown}
 x - a scroll of enchant weapon {unknown}
 z - a scroll of teleportation {unknown}
Potions
 f - 3 potions of curing {unknown}
 o - 2 potions of ambrosia {unknown}

Dungeon Overview and Level Annotations

Branches:
Dungeon (3/15)

Altars:

. ∆
#................#
#.#
##..........#####.#
....###...........#
..................#
........#####..##.#
.....##.######.....#
# ....
#.....####.#.# ..
... #####.)###...#
... ..
##@gg##......# . ∆
###g.###..##.
##.........
##).....#
........(#..##
.....o..((...#
.......#(###..
......o .# .......
..


You could see 3 gnolls.


Message History

Items here: ))))) [[ ††.
Okay, then.
Search for what [? for help]? plate Can't find anything matching that.
Okay, then.
A gnoll comes into view. It is wielding a +0 club.
There are monsters nearby!
There are monsters nearby!
You are too injured to fight recklessly!
You are too injured to fight recklessly!
Throw: 83 stones {throwing}
Press: ? - help, Q - select action, (/) - cycle Shift-Dir - straight line, f - gnoll
Aim: a gnoll, wielding a +0 club and quivering a throwing net (wandering, hasn't noticed you, 63% to hit)
You throw a stone {throwing}.
The stone {throwing} barely misses the gnoll.
The gnoll shouts!
The adder hisses angrily. 😕 HP[+1] Throw: 82 stones {throwing}
Press: ? - help, Q - select action, (/) - cycle Shift-Dir - straight line, f/p - gnoll
Aim: a gnoll, wielding a +0 club and quivering a throwing net (63% to hit)
You throw a stone {throwing}. The stone {throwing} hits the gnoll.
Throw: 81 stones {throwing}
Press: ? - help, Q - select action, (/) - cycle Shift-Dir - straight line, f/p - gnoll
Aim: a gnoll, wielding a +0 club and quivering a throwing net (lightly wounded, 63% to hit)
You throw a stone {throwing}. The stone {throwing} misses the adder.
The stone {throwing} closely misses the gnoll.
Throw: 80 stones {throwing}
Press: ? - help, Q - select action, (/) - cycle Shift-Dir - straight line, f/p - gnoll
Aim: a gnoll, wielding a +0 club and quivering a throwing net (lightly wounded, 63% to hit)
You throw a stone {throwing}.
The stone {throwing} barely misses the adder.
The stone {throwing} barely misses the gnoll.
The adder closely misses you.
You barely miss the adder. The adder misses you. The adder barely misses you.
You hit the adder. The adder closely misses you.
You hit the adder but do no damage.
A gnoll comes into view. It is wielding a +0 halberd.
The adder bites you.
The gnoll hits you but does no damage. 😮 HP[-2]
You take 2 damage, and now have 35/47 hp.
You miss the adder.
The gnoll shouts!
The adder bites you but does no damage. The gnoll barely misses you. 😕 HP[+1]
You barely miss the adder. The adder bites you.
The gnoll hits you with a +0 club. 😮 HP[-3]
You take 3 damage, and now have 33/47 hp.
You hit the adder. Your bite misses the adder. The adder closely misses you.
The adder bites you but does no damage.
You hit the adder. The adder bites you. 😮 HP[-1]
You take 1 damage, and now have 32/47 hp.
You hit the adder but do no damage. Lightning courses through the adder!
You kill the adder!
The gnoll barely misses you.
A gnoll comes into view. It is wielding a +0 spear.
The gnoll shouts!
You hit the gnoll but do no damage.
The gnoll hits you from afar with a +0 halberd.
The gnoll hits you with a +0 club. 😮 HP[-7]
You take 7 damage, and now have 25/47 hp.
You barely miss the gnoll. The gnoll completely misses you.
The gnoll misses you. 😮 HP[+1]
You hit the gnoll. Your punch misses the gnoll. The gnoll misses you.
The gnoll hits you with a +0 club!
* * * LOW HITPOINT WARNING * * *
😨 HP[-8]
You take 8 damage, and now have 18/47 hp.
Okay, then.
It was a potion of mutation.
You feel extremely strange.
You feel less in control of your magic.
You lose the ability to read scrolls when threatened.
You feel stronger. The gnoll barely misses you.
The gnoll completely misses you.
It was a potion of degeneration.
There was something very wrong with that liquid.
You feel weakened.
You feel dopey.
You feel clumsy. The gnoll closely misses you.
The gnoll hits you from afar with a +0 spear.
* * * LOW HITPOINT WARNING * * *
The gnoll hits you with a +0 club!
You feel threatened and lose the ability to read scrolls!
* * * LOW HITPOINT WARNING * * *
😱 HP[-8]
You take 8 damage, and now have 10/47 hp.
It was a potion of flight.
You feel very buoyant.
You fly up into the air.
The gnoll barely misses you.
The gnoll hits you from afar with a +0 spear.
* * * LOW HITPOINT WARNING * * *
The gnoll hits you with a +0 club.
* * * LOW HITPOINT WARNING * * *
😱 HP[-5]
You take 5 damage, and now have 5/47 hp.
It was a potion of haste.
You feel yourself speed up.
The gnoll hits you from afar with a +0 halberd!
You die...

Skill      XL: |  1  2  3  4  5  6 |
---------------+-------------------+-----
Invocations    | 1 2 |  2.2
Short Blades   | 1 2 |  2.0
Long Blades    | 1 2 |  2.0
Axes           | 1 2 |  2.0
Maces & Flails | 1 2 |  2.0
Polearms       | 1 2 |  2.0
Staves         | 1 2 |  2.0
Slings         | 1 2 |  2.0
Bows           | 1 2 |  2.0
Crossbows      | 1 2 |  2.0
Throwing       | 1 2 |  2.0
Shields        | 1 2 |  2.0
Unarmed Combat | 1 2 |  2.0
Spellcasting   | 1 2 |  2.0
Conjurations   | 1 |  1.6
Hexes          | 1 |  1.6
Summonings     | 1 |  1.6
Necromancy     | 1 |  1.6
Translocations | 1 |  1.6
Transmutations | 1 |  1.6
Fire Magic     | 1 |  1.6
Ice Magic      | 1 |  1.6
Air Magic      | 1 |  1.6
Earth Magic    | 1 |  1.6
Poison Magic   | 1 |  1.6
Fighting       | 3 |  3.3
Dodging        | 3 |  3.3
Stealth        | 3 |  3.1
Armour         | 5 |  5.0
Evocations     | |  6.8

Action                   |  1- 3 |  4- 6 || total
-------------------------+-------+-------++-------
Melee: Club              |    92 |    38 ||   130
       Bite              |    11 |     7 ||    18
       Punch             |     2 |       ||     2
       Dagger            |       |    38 ||    38
Throw: Stone             |     6 |     4 ||    10
 Cast: Foxfire           |     5 |       ||     5
Evoke: Wand              |     6 |     6 ||    12
  Use: Potion            |       |     4 ||     4
 Stab: Sleeping          |       |     1 ||     1
Armor: Leather armour    |    25 |    20 ||    45
Dodge: Dodged            |    90 |    54 ||   144

Levels and vault maps discovered:
D:1:      dpeg_arrival_another_circle, layout_rooms, eino_curves_01
D:2:      layout_basic, minmay_splitting_lines, uniq_natasha, uniq_sigmund
D:3:      layout_rooms, bloody_makhleb, shapermc_ecumenical_altar_totnotflames,
          eino_tiny_chamber, uniq_jessica

Notes
Turn   | Place    | Note
-------+----------+-------------------------------------------
     0 | D:1      | spaghetti the Gnoll Artificer began the quest for the Orb.
     0 | D:1      | Reached XP level 1. HP: 17/17 MP: 1/1
     0 | D:1      | magus.rc [v1.9.6]
   269 | D:1      | Reached XP level 2. HP: 21/23 MP: 2/2
   293 | D:1      | HP: 2/23 [gnoll/+0 whip (4)]
   295 | D:1      | Reached XP level 3. HP: 2/28 MP: 3/3
   931 | D:1      | Reached skill level 1 in Invocations
  1604 | D:2      | You pick up a book of Flames and begin reading...
  1604 | D:2      | You add the spells Foxfire, Conjure Flame, Inner Flame and
                  | Flame Wave to your library.
  1608 | D:2      | Learned a level 1 spell: Foxfire
  1709 | D:2      | Noticed Natasha
  1739 | D:2      | HP: 7/28 [Natasha/magic dart (7)]
  1741 | D:2      | Killed Natasha
  1742 | D:2      | Reached skill level 1 in Short Blades
  1742 | D:2      | Reached skill level 1 in Long Blades
  1742 | D:2      | Reached skill level 1 in Axes
  1742 | D:2      | Reached skill level 1 in Maces & Flails
  1742 | D:2      | Reached skill level 1 in Polearms
  1742 | D:2      | Reached skill level 1 in Staves
  1742 | D:2      | Reached skill level 1 in Slings
  1742 | D:2      | Reached skill level 1 in Bows
  1742 | D:2      | Reached skill level 1 in Crossbows
  1742 | D:2      | Reached skill level 1 in Throwing
  1742 | D:2      | Reached skill level 1 in Shields
  1742 | D:2      | Reached skill level 1 in Unarmed Combat
  1742 | D:2      | Reached skill level 1 in Spellcasting
  1742 | D:2      | Reached XP level 4. HP: 9/34 MP: 0/5
  1960 | D:2      | Noticed Natasha
  1973 | D:2      | HP: 8/34 [Natasha (5)]
  1974 | D:2      | Killed Natasha
  1975 | D:2      | Reached skill level 1 in Conjurations
  1975 | D:2      | Reached skill level 1 in Hexes
  1975 | D:2      | Reached skill level 1 in Summonings
  1975 | D:2      | Reached skill level 1 in Necromancy
  1975 | D:2      | Reached skill level 1 in Translocations
  1975 | D:2      | Reached skill level 1 in Transmutations
  1975 | D:2      | Reached skill level 1 in Fire Magic
  1975 | D:2      | Reached skill level 1 in Ice Magic
  1975 | D:2      | Reached skill level 1 in Air Magic
  1975 | D:2      | Reached skill level 1 in Earth Magic
  1975 | D:2      | Reached skill level 1 in Poison Magic
  2377 | D:2      | Noticed Natasha
  2388 | D:2      | Killed Natasha
  2389 | D:2      | Reached XP level 5. HP: 14/40 MP: 5/7
  2886 | D:2      | Noticed Sigmund
  2895 | D:2      | Killed Sigmund
  2896 | D:2      | Reached skill level 3 in Fighting
  2896 | D:2      | Reached skill level 3 in Dodging
  2896 | D:2      | Reached skill level 3 in Stealth
  2896 | D:2      | Reached skill level 2 in Invocations
  2896 | D:2      | Reached XP level 6. HP: 44/47 MP: 8/8
  3057 | D:3      | Noticed Jessica
  3063 | D:3      | Killed Jessica
  3064 | D:3      | Reached skill level 2 in Short Blades
  3064 | D:3      | Reached skill level 2 in Long Blades
  3064 | D:3      | Reached skill level 2 in Axes
  3064 | D:3      | Reached skill level 2 in Maces & Flails
  3064 | D:3      | Reached skill level 2 in Polearms
  3064 | D:3      | Reached skill level 2 in Staves
  3064 | D:3      | Reached skill level 2 in Slings
  3064 | D:3      | Reached skill level 2 in Bows
  3064 | D:3      | Reached skill level 2 in Crossbows
  3064 | D:3      | Reached skill level 2 in Throwing
  3064 | D:3      | Reached skill level 5 in Armour
  3064 | D:3      | Reached skill level 2 in Shields
  3064 | D:3      | Reached skill level 2 in Unarmed Combat
  3064 | D:3      | Reached skill level 2 in Spellcasting
  3108 | D:3      | Gained mutation: Your spells are a little harder to cast,
                  | but a little more powerful. [potion of mutation]
  3108 | D:3      | Gained mutation: You sometimes lose the ability to read
                  | scrolls when taking damage. [potion of mutation]
  3108 | D:3      | Gained mutation: Your muscles are strong. (Str +2) [potion
                  | of mutation]
  3109 | D:3      | HP: 10/47 [gnoll/+0 club (7)]
  3111 | D:3      | Slain by a gnoll

Vanquished Creatures
  Sigmund (D:2)
  Jessica (D:3)
  Natasha (thrice) (D:2)
  3 gnolls
  2 adders
  3 dart slugs (D:1)
  4 orcs (D:3)
  A giant cockroach (D:1)
  2 goblins (D:1)
  3 hobgoblins
  A quokka (D:1)
  A ball python (D:1)
  3 bats (D:1)
  2 frilled lizards
  3 kobolds
  7 rats
40 creatures vanquished.

Vanquished Creatures (others)
  10 foxfires (D:2)
10 creatures vanquished.

Grand Total: 50 creatures vanquished

Table legend:
 A = Non-vault XP
 B = Vault XP
 C = Vault XP percentage of total XP
 D = Non-vault monster count
 E = Vault monster count
 F = Vault count percentage of total count
                 A         B        C        D         E       F
            +---------+---------+-------+---------+---------+-------
      Total |     197 |     296 |  60.0 |      37 |       3 |   7.5
            +---------+---------+-------+---------+---------+-------
        D:1 |      60 |       0 |   0.0 |      19 |       0 |   0.0
        D:2 |      93 |     259 |  73.6 |      10 |       2 |  16.7
        D:3 |      44 |      37 |  45.7 |       8 |       1 |  11.1
            +---------+---------+-------+---------+---------+-------

Illustrated notes

Table legend:
 A = Kills in this place as a percentage of kills in entire the game.
 B = Kills by you in this place as a percentage of kills by you in the entire game.
 C = Kills by friends in this place as a percentage of kills by friends in the entire game.
 D = Other kills in this place as a percentage of other kills in the entire game.
 E = Experience gained in this place as a percentage of experience gained in the entire game.
 F = Experience gained in this place divided by the number of levels of this place that you have seen.
                   A       B       C       D       E      F
               +-------+-------+-------+-------+-------+----------------------
         Total | 100.0 | 100.0 |   N/A |   N/A | 100.0 | 164.3
       Dungeon | 100.0 | 100.0 |   N/A |   N/A | 100.0 | 164.3
               +-------+-------+-------+-------+-------+----------------------

Table legend: (Time is in decaauts)
 A = Elapsed time spent in this place.
 B = Non-inter-level travel time spent in this place.
 C = Inter-level travel time spent in this place.
 D = Time resting spent in this place.
 E = Time spent auto-exploring this place.
 F = Levels seen in this place.
 G = Mean time per level.
                   A        B        C        D        E       F      G
               +--------+--------+--------+--------+--------+-----+--------+
         Total |   3186 |   3149 |     37 |    597 |   2122 |   3 | 1062.0 |
       Dungeon |   3186 |   3149 |     37 |    597 |   2122 |   3 | 1062.0 |
               +--------+--------+--------+--------+--------+-----+--------+

Top non-repeatable levels by time:
     D:2: 1657 daAuts
     D:1: 1450 daAuts
     D:3: 78 daAuts
